 Dungeon Crawl Stone Soup version 0.31.0-32-g396128a36d (webtiles) character file.

Game seed: 4296165346903584414

86 PaiMei the Grave Robber (level 4, -3/30 HPs)
             Began as a Demonspawn Necromancer on Apr 2, 2024.
             Slain by a gnoll
             ... wielding a +0 whip
              (6 damage)
             ... on level 1 of the Dungeon.
             The game lasted 00:04:29 (1680 turns).

PaiMei the Grave Robber (Demonspawn Necromancer)    Turns: 1680, Time: 00:04:30

Health: -3/30      AC:  2    Str:  9    XL:     4   Next: 27%
Magic:  2/8        EV: 12    Int: 17    God:
Gold:   43         SH:  0    Dex: 13    Spells: 7/8 levels left

rFire   . . .        e - +2 short sword (speed)
rCold   . . .        (no shield)
rNeg    . . .        a - +0 robe
rPois   .            (no helmet)
rElec   .            (no cloak)
rCorr   .            (no gloves)
SInv    .            (no boots)
Will    .....        (no amulet)
Stlth   ++           (no ring)
HPRegen 0.25/turn    (no ring)
MPRegen 0.11/turn

%: no passive effects
@: very slightly contaminated
A: weakness stinger 1
a: no special abilities


You were on level 1 of the Dungeon.
You visited 1 branch of the dungeon, and saw 2 of its levels.

You collected 43 gold pieces.

Inventory:

Hand Weapons
 e - a +2 short sword of speed (weapon)
Missiles
 d - 8 poisoned darts (quivered)
Armour
 a - a +0 robe (worn)
Scrolls
 c - a scroll of noise {unknown}
 f - a scroll of revelation {unknown}
 h - a scroll of enchant weapon {unknown}
 i - a scroll of enchant armour {unknown}
 j - a scroll of poison {unknown}
Potions
 b - a potion of magic
 g - a potion of attraction {unknown}


   Skills:
 + Level 2.5 Dodging
 + Level 2.6 Stealth
 + Level 2.7 Spellcasting
 + Level 4.9 Necromancy


You had 7 spell levels left.
You knew the following spells:

 Your Spells              Type           Power      Damage    Failure   Level
a - Necrotise             Necr           76%        1d7       2%          1

Your spell library contained the following spells:

 Spells                   Type           Power      Damage    Failure   Level
 Vampiric Draining        Necr           19%        2d7       7%          3
 Animate Dead             Necr           19%        N/A       24%         4
 Curse of Agony           Necr           19%        N/A       54%         5


Dungeon Overview and Level Annotations

Branches:
Dungeon (2/15)

Altars:

Annotations:
D:2 Robin


Innate Abilities, Weirdness & Mutations

You have a small tail.


Message History

The gnoll misses you. The goblin closely misses you.
The gnoll closely misses you. The adder misses you.
You barely miss the adder.
Your tail-slap misses the adder.
The adder is almost dead.
You hit the adder.
You kill the adder!
The gnoll hits you with a +0 whip.
* * * LOW HITPOINT WARNING * * *
The goblin hits you but does no damage. The gnoll closely misses you.
Your goblin skeleton hits the gnoll but does no damage.
The gnoll attacks as it pursues you! The gnoll barely misses you.
Your goblin skeleton barely misses the gnoll.
There is a stone staircase leading up here.
Robin barely misses your goblin skeleton.
The gnoll barely misses you. The goblin hits you with a +0 dagger.
* * * LOW HITPOINT WARNING * * *
You climb upwards.
There is a stone staircase leading down here.
Casting: Necrotise (safe; 2% risk of failure)
Confirm with . or Enter, or press ? or * to list all spells.
Aiming: Necrotise (safe; 2% risk of failure)
Press: ? - help, Shift-Dir - straight line, f - gnoll
Aim: a gnoll, wielding a +0 whip (chance to affect: 84%)
The gnoll writhes in agony.
The gnoll hits you with a +0 whip.
* * * LOW HITPOINT WARNING * * *
Casting: Necrotise (safe; 2% risk of failure)
Confirm with . or Enter, or press ? or * to list all spells.
Aiming: Necrotise (safe; 2% risk of failure)
Press: ? - help, Shift-Dir - straight line, f/p - gnoll
Aim: a gnoll, wielding a +0 whip (lightly wounded, chance to affect: 84%)
You miscast Necrotise.
You are very lightly contaminated with residual magic.
Nothing appears to happen.
The gnoll misses you.
Casting: Necrotise (safe; 2% risk of failure)
Confirm with . or Enter, or press ? or * to list all spells.
Aiming: Necrotise (safe; 2% risk of failure)
Press: ? - help, Shift-Dir - straight line, f/p - gnoll
Aim: a gnoll, wielding a +0 whip (lightly wounded, chance to affect: 84%)
The gnoll writhes in agony.
The gnoll hits you with a +0 whip.
You die...

.## #...#..........# ..#
################ ..# #.# ..#
############### #.# ..#
#.............######.# ..#
#.###########........# ..# #.#
####..#####.#### ..# #.#
####............... ..# #.#
##.@gg.............#
..#######.####..##>..(#########.#
.)..............###.#.# ##.#
#.#######.##.#...##.#.# ##...
...# #.#.#.......#.# #####..).
##.# #.##..##.##.#.###........
##.# #.................###....
##.## #.............########...
#...#####..................# ##.#


You could see a gnoll and a goblin (strong).

Vanquished Creatures
  2 gnolls (D:2)
  2 adders (D:2)
  4 endoplasms (D:1)
  3 giant cockroaches
  6 goblins
  8 hobgoblins
  5 kobolds
  A quokka (D:2)
  4 ball pythons
  2 bats
  3 frilled lizards (D:1)
  2 rats (D:1)
42 creatures vanquished.

Vanquished Creatures (collateral kills)
  An endoplasm (D:1)
  A hobgoblin (D:1)
  2 kobolds (D:1)
4 creatures vanquished.

Grand Total: 46 creatures vanquished

Notes
Turn   | Place    | Note
-------+----------+-------------------------------------------
     0 | D:1      | PaiMei the Demonspawn Necromancer began the quest for the
                  | Orb.
     0 | D:1      | Reached XP level 1. HP: 13/13 MP: 3/3
   366 | D:1      | Gained mutation: You have a small tail. [demonic ancestry]
   366 | D:1      | Reached XP level 2. HP: 19/19 MP: 3/5
   731 | D:1      | Reached XP level 3. HP: 12/24 MP: 0/6
  1054 | D:2      | Noticed Robin
  1630 | D:2      | Reached XP level 4. HP: 30/30 MP: 2/8
  1680 | D:1      | Slain by a gnoll

Illustrated notes

Levels and vault maps discovered:
D:1:      matt_arrival_spirals, layout_loops_ring
D:2:      layout_rooms, uniq_robin, uniq_sigmund

Skill      XL: |  1 |
---------------+----+-----
Stealth        | 2 |  2.6
Dodging        | 2 |  2.5
Spellcasting   | |  2.7
Necromancy     | |  4.9

Action                     |  1- 3 |  4- 6 || total
---------------------------+-------+-------++-------
  Melee: Short sword       |    12 |     5 ||    17
         Tailslap          |     2 |     1 ||     3
   Cast: Necrotise         |    69 |     4 ||    73
 Armour: Robe              |    17 |    12 ||    29
  Dodge: Dodged            |    28 |    13 ||    41
